AoeStats
← 从不压堡之人

Arena

509334413Analyzed
4v4 RM · 6d ago on Sep 26, 2026· 36m 42s· 8 players
Game mode
Random Map
Map size
Large (8 player)
Population
200
Speed
Normal
Resources
Standard
Victory
Conquest
Starting age
Dark Age
Ending age
Imperial Age
RankedLock teamsTeams togetherTeam positionsShared explorationLock speedFull tech treeHidden civsTurbo modeCheats
Victory
Defeat
🇨🇳 Persians · China
1131
+17
1098
+18
🇨🇳 Spanish · China
1088
+18
1018
+20
🇨🇳 Bohemians · China
1207
-21
🇻🇳 Teutons · Vietnam
1131
-18
🇨🇳 Danes · China
1113
-17
🇨🇳 Britons · China
1104
-17
涛哥
11:06 Feudal Age
15:49 Castle Age
13:42 Double-Bit Axe
26:17 Fletching
26:27 Padded Archer Armor
26:45 Horse Collar
28:25 Heavy Plow
31:05 Imperial Age
29:16 Bodkin Arrow
30:17 Bow Saw
30:44 Leather Archer Armor
31:18 Wheelbarrow
31:00 Squires
30:36 Pikeman
31:37 Crossbowman
32:22 Bracer
32:59 Conscription
33:02 Yeomen
34:06 Ring Archer Armor
35:59 Ballistics
梁志超他奶
10:28 Feudal Age
14:07 Castle Age
12:16 Double-Bit Axe
12:46 Horse Collar
13:51 Stone Mining
15:24 Bow Saw
16:33 Gold Mining
17:20 Stone Shaft Mining
16:49 Heavy Plow
18:45 Stone Shaft Mining
20:11 Gold Mining
22:29 Loom
24:21 Wheelbarrow
25:31 Gold Shaft Mining
26:04 Fletching
30:40 Imperial Age
28:34 Masonry
28:11 Pikeman
28:53 Squires
28:39 Gambesons
29:00 Elite Skirmisher
29:38 Bodkin Arrow
29:45 Padded Archer Armor
30:09 Hand Cart
30:22 Ballistics
29:59 Arson
转世
10:57 Feudal Age
15:38 Castle Age
13:38 Double-Bit Axe
13:35 Horse Collar
17:11 Bow Saw
17:47 Heavy Plow
22:24 Loom
26:44 Fervor
26:39 Pikeman
27:19 Squires
31:59 Imperial Age
31:41 Chemistry
31:14 Scale Mail Armor
31:25 Forging
32:50 Ballistics
33:22 Chain Mail Armor
32:56 Arson
34:21 Iron Casting
34:10 Halberdier
35:23 Houfnice
bthi68153
2:23 Loom
10:30 Feudal Age
16:24 Castle Age
15:35 Double-Bit Axe
15:31 Horse Collar
16:16 Gold Mining
17:38 Heavy Plow
19:07 Bow Saw
23:20 Stone Mining
26:22 Wheelbarrow
29:11 Imperial Age
27:30 Scale Barding Armor
28:05 Forging
29:21 Cavalier
31:08 Chain Barding Armor
32:31 Chemistry
31:43 Paladin
从不压堡之人
11:08 Feudal Age
14:44 Castle Age
12:59 Man-at-Arms
15:19 Double-Bit Axe
15:11 Long Swordsman
20:50 Squires
22:30 Scale Mail Armor
23:30 Loom
24:21 Wheelbarrow
26:23 Hand Cart
26:56 Horse Collar
30:27 Gold Mining
30:43 Town Watch
34:27 Imperial Age
32:07 Arson
32:07 Gambesons
32:57 Chain Mail Armor
32:52 Forging
34:24 Forging
34:53 Bow Saw
34:45 Heavy Plow
35:04 Caravan
36:25 Chemistry
34:51 Two-Handed Swordsman
35:00 Capped Ram
35:43 Stone Mining
36:03 Champion
我不是蓝精灵
10:40 Feudal Age
11:39 Double-Bit Axe
14:40 Castle Age
12:29 Horse Collar
14:23 Wheelbarrow
15:34 Bow Saw
15:25 Heavy Plow
17:48 Hand Cart
17:36 Loom
21:56 Gold Mining
24:16 Gold Shaft Mining
27:47 Imperial Age
25:48 Forging
25:44 Scale Barding Armor
26:13 Fervor
27:12 Iron Casting
27:39 Chain Barding Armor
27:34 Herbal Medicine
27:55 Bloodlines
27:46 Husbandry
27:28 Cavalier
28:59 Plate Barding Armor
29:39 Two-Man Saw
29:16 Crop Rotation
31:18 Blast Furnace
30:26 Savar
34:19 Chemistry
33:35 Stone Mining
33:40 Fletching
35:30 Caravan
36:47 Conscription
泰拉之花.群山俯首
10:11 Feudal Age
11:35 Loom
14:31 Castle Age
12:53 Double-Bit Axe
12:56 Horse Collar
17:19 Bow Saw
18:44 Heavy Plow
22:51 Wheelbarrow
22:07 Treadmill Crane
22:24 Gold Mining
23:32 Stone Mining
25:08 Stone Shaft Mining
25:46 Hand Cart
25:36 Fletching
30:04 Imperial Age
27:44 Bodkin Arrow
28:12 Ballistics
27:58 Town Watch
28:25 Scale Mail Armor
28:36 Forging
28:56 Forging
29:40 Chain Mail Armor
30:12 Iron Casting
29:10 Pikeman
30:41 Squires
31:53 Blast Furnace
31:25 Plate Mail Armor
31:58 Chemistry
31:22 Conscription
31:38 Crop Rotation
32:26 Two-Man Saw
32:54 Arson
33:15 Bracer
33:17 Padded Archer Armor
35:00 Leather Archer Armor
34:50 Elite Genoese Crossbowman
洗心革面重新做人TownYan
10:50 Feudal Age
11:33 Double-Bit Axe
14:29 Castle Age
12:30 Horse Collar
16:11 Wheelbarrow
19:45 Bow Saw
21:49 Heavy Plow
23:06 Hand Cart
23:22 Loom
23:22 Town Watch
27:54 Imperial Age
26:59 Chemistry
26:04 Padded Archer Armor
27:41 Wagenburg Tactics
27:57 Houfnice
29:37 Conscription
29:30 Siege Engineers
32:05 Leather Archer Armor
34:18 Ring Archer Armor
34:52 Caravan
Connection lost

Rejoining the realm…

Still unreachable

The connection could not be restored.

Session expired

The server has moved on; the page needs a fresh start.